 Dungeon Crawl Stone Soup version 0.24.0-41-g2ae2f7f1be (webtiles) character file.

Game seed: 15582550119946745445, levelgen mode: deterministic

889 mortelune the Firebug (level 7, 0/36 HPs)
             Began as a Deep Elf Fire Elementalist on Dec 9, 2019.
             Slain by a centaur (8 damage)
             ... on level 5 of the Dungeon on Dec 13, 2019.
             The game lasted 00:19:46 (7125 turns).

mortelune the Firebug (Deep Elf Fire Elementalist)  Turns: 7125, Time: 00:19:47

Health: 0/36       AC:  6    Str:  5    XL:     7   Next: 77%
Magic:  0/17       EV: 21    Int: 22    God:
Gold:   207        SH:  0    Dex: 20    Spells: 7/17 levels left

rFire    . . .     SeeInvis +   u - +1 spear (venom)
rCold    . . .     Gourm    +   (no shield)
rNeg     . . .     Faith    .   a - +0 robe
rPois    .         Spirit   .   s - +0 helmet
rElec    .         Reflect  .   l - +1 cloak
rCorr    .         Harm     .   t - +0 pair of gloves
MR       +....                  (no boots)
Stlth    +++.......             v - amulet of the gourmand
HPRegen  0.12/turn              f - ring of see invisible
MPRegen  0.15/turn              o - ring of protection from magic

@: agile, very slightly contaminated, invisible
A: no striking features
a: no special abilities


You were on level 5 of the Dungeon.
You were not hungry.

You visited 1 branch of the dungeon, and saw 5 of its levels.

You collected 207 gold pieces.

Inventory:

Hand Weapons
 h - a +3 rapier of speed
 j - a +0 dagger
 n - a +1 whip of venom
 u - a +1 spear of venom (weapon)
Armour
 a - a +0 robe (worn)
 l - a +1 cloak (worn)
 s - a +0 helmet (worn)
 t - a +0 pair of gloves (worn)
Jewellery
 f - a ring of see invisible (left hand)
 o - a ring of protection from magic (right hand)
 v - an amulet of the gourmand (around neck)
Wands
 b - a wand of iceblast (5)
Scrolls
 d - 4 scrolls of immolation
 p - a scroll of magic mapping
 q - a scroll of noise {unknown}
 w - a scroll of enchant armour
Potions
 g - 2 potions of flight
 i - 3 potions of haste
Comestibles
 c - 7 rations


   Skills:
 + Level 5.0 Dodging
 - Level 2.4 Stealth
 + Level 5.5 Spellcasting
 * Level 5.5 Conjurations
 * Level 6.4 Fire Magic


You had 7 spell levels left.
You knew the following spells:

 Your Spells              Type           Power        Failure   Level  Hunger
a - Flame Tongue          Conj/Fire      ####.        1%          1    None
b - Throw Flame           Conj/Fire      ####..       1%          2    None
c - Conjure Flame         Conj/Fire      ####....     2%          3    ##.....
d - Sticky Flame          Conj/Fire      ####....     9%          4    ####...

Your spell library contained the following spells:

 Spells                   Type           Power        Failure   Level  Hunger
 Inner Flame              Hex/Fire       ###.....     8%          3    ##.....
 Fireball                 Conj/Fire      ####......   22%         5    #####..


Dungeon Overview and Level Annotations

Branches:
Dungeon (5/15)
 Temple: D:4-7

Altars:

Annotations:
D:1 1 runed translucent door


Message History

The flame tongue hits the centaur!
The centaur is severely wounded.
The centaur misses you. The orc completely misses you.
Casting: Flame Tongue (safe; 1% risk of failure)
Confirm with . or Enter, or press ? or * to list all spells.
Aiming: Flame Tongue (safe; 1% risk of failure)
Press: ? - help, Shift-Dir - straight line, f/p - centaur
Aim: a centaur (grey smoke, severely wounded)
The flame tongue hits the centaur.
The centaur is severely wounded.
The centaur barely misses you. The centaur completely misses you.
You barely miss the centaur.
The centaur is severely wounded.
The orc hits you with a +0 club.
* * * LOW HITPOINT WARNING * * *
The centaur completely misses you.
You hit the centaur.
The centaur is poisoned.
The centaur is almost dead.
The centaur closely misses you. The orc misses you. The centaur hits you!
You die...

#c## #..# #+# ##o# #.#
#.# #.# #(## #.# #..#
#§# ##.####§#
....≈≈≈≈≈≈ #...§o§#
.≈≈≈≈≈≈§≈≈§§§ ##..§c@#
#..≈≈≈≈≈§≈≈§. #..§§§#
#....≈≈≈≈≈§.. #...§§#
##.....≈≈≈≈... #.###.#
#......≈≈≈≈... #..##.#
#.......≈≈....
##.##'###.......≈...(.
#.#........(.[.......
#.....÷)........###.#
#######
##...)..............#


You could see a centaur and an orc.

Vanquished Creatures
  Eustachio (D:5)
  Duvessa (D:4)
  An ogre (D:4)
  An ice beast (D:5)
  Dowan (D:4)
  A bullfrog zombie (D:5)
  An orc priest (D:4)
  2 orc wizards
  2 worker ants
  13 gnolls
  6 adders
  2 worms
  3 leopard geckos
  4 orcs
  2 ball pythons (D:2)
  5 giant cockroaches
  5 goblins
  9 hobgoblins
  15 jackals
  5 quokkas
  9 bats
  7 frilled lizards
  6 kobolds
  9 rats
111 creatures vanquished.

Notes
Turn   | Place    | Note
-------+----------+-------------------------------------------
     0 | D:1      | mortelune the Deep Elf Fire Elementalist began the quest
                  | for the Orb.
     0 | D:1      | Reached XP level 1. HP: 10/10 MP: 6/6
     1 | D:1      | Found a runed translucent door.
   279 | D:1      | Reached XP level 2. HP: 12/15 MP: 6/8
   283 | D:1      | Learned a level 2 spell: Throw Flame
   959 | D:1      | Reached XP level 3. HP: 19/19 MP: 4/9
   964 | D:1      | Learned a level 3 spell: Conjure Flame
  1883 | D:2      | Reached skill level 4 in Fire Magic
  1883 | D:2      | Reached XP level 4. HP: 24/24 MP: 0/11
  2705 | D:3      | Learned a level 4 spell: Sticky Flame
  3249 | D:3      | Reached XP level 5. HP: 28/28 MP: 5/13
  4193 | D:4      | Noticed Duvessa
  4194 | D:4      | Noticed Dowan
  4498 | D:3      | HP: 1/28 [orc/+0 dagger (5)]
  5044 | D:4      | Killed Duvessa
  5044 | D:4      | Reached skill level 5 in Fire Magic
  5044 | D:4      | Reached XP level 6. HP: 17/32 MP: 0/14
  5606 | D:4      | Killed Dowan
  5957 | D:4      | Reached XP level 7. HP: 36/36 MP: 11/16
  6061 | D:4      | Reached skill level 5 in Spellcasting
  6634 | D:5      | Entered Level 5 of the Dungeon
  6652 | D:5      | Noticed Eustachio
  6662 | D:5      | Killed Eustachio
  6662 | D:5      | Reached skill level 5 in Conjurations
  6662 | D:5      | Reached skill level 6 in Fire Magic
  7089 | D:5      | Reached skill level 5 in Dodging
  7125 | D:5      | Slain by a centaur

Levels and vault maps discovered:
D:1:      dpeg_arrival_caged_fury, layout_basic, minivault_27
D:2:      layout_basic
D:3:      layout_basic, small_statue_alley_b
D:4:      layout_basic, uniq_duvessa
D:5:      layout_basic, first_ration, corner_web_ring, grunt_ministairs_10,
          nrook_loot_triangle, lemuel_old_faithful, uniq_eustachio

Skill      XL: |  1  2  3  4  5  6  7 |
---------------+----------------------+-----
Conjurations   | 2 3 4 5 |  5.5
Dodging        | 3 4 5 |  5.0
Fire Magic     | 4 5 6 |  6.4
Spellcasting   | 4 5 |  5.5
Stealth        | |  2.4

Action                   |  1- 3 |  4- 6 |  7- 9 || total
-------------------------+-------+-------+-------++-------
Melee: Unarmed           |     2 |       |       ||     2
       Dagger            |     2 |       |       ||     2
       Whip              |       |     3 |       ||     3
       Spear             |       |       |     4 ||     4
 Cast: Flame Tongue      |    33 |    49 |    24 ||   106
       Throw Flame       |    30 |    67 |    33 ||   130
       Sticky Flame      |       |     4 |     2 ||     6
       Conjure Flame     |       |     2 |     1 ||     3
  Use: Scroll            |       |     8 |     3 ||    11
       Potion            |       |     2 |     3 ||     5
  Eat: Chunk             |     4 |    11 |    10 ||    25
       Ration            |       |     1 |       ||     1
Armor: Robe              |     2 |     3 |     5 ||    10
Dodge: Dodged            |    18 |    19 |    29 ||    66
